Cogmind - Beta 15 @@@ ROGUE MODE // 2025.10.14 @ 01:14:41 Player: Bean Result: Destroyed by Autobeam Turret with Autobeam Performance ------------- Evolutions (0) 0 Regions Visited (2) 400 Robots Destroyed (15) 75 Value Destroyed (374) 374 Prototype IDs (0) 0 Alien Tech Used (0) 0 Bonus (0) 0 TOTAL SCORE: 849 Bonus ------- None Cogmind --------- Core Integrity 0/250 Matter 175/300 Energy 200/200 System Corruption 0% Temperature Cool (12) Movement Rolling (95) Ox1 Location -10/Subcaves Parts ------- > --- POWER (1) -------- Subdweller Power Source > --- PROPULSION (2) --- Wheel > --- UTILITY (2) ------ Small Storage Unit > --- WEAPON (2) ------- Battle Cannon > --- INVENTORY (8) ---- Heat Sink Subdweller Optics EM Pulse Gun Peak State ------------ > --- POWER ------------ Subdweller Power Source > --- PROPULSION ------- Light Treads Wheel > --- UTILITY ---------- Heat Sink Small Storage Unit > --- WEAPON ----------- Subdweller Laser Battle Cannon > --- INVENTORY -------- Heat Sink EM Pulse Gun [Rating: 10] Favorites ----------- Power Light Ion Engine Engine Light Ion Engine Power Core Light Nuclear Core Propulsion Light Treads Treads Light Treads Wheel Wheel Utility Small Storage Unit Device Heat Sink Storage Small Storage Unit Weapon Light Assault Rifle Energy Gun Medium Laser Ballistic Gun Light Assault Rifle Ballistic Cannon Battle Cannon Launcher Grenade Launcher Build | -11 -10 -10 ------- Run | Yrd Mat Sub Slots Evolved . | . . . Power . | . . . Propulsion . | . . . Utility . | . . . Weapon . | . . . Parts Attached 15 | 6 3 6 Power 4 | 1 2 1 Engine 3 | 1 1 1 Core 1 | . 1 . Reactor . | . . . Propulsion 4 | 2 . 2 Treads 2 | 2 . . Leg . | . . . Wheel 2 | . . 2 Hover . | . . . Flight . | . . . Utility 2 | 1 1 . Device 1 | . 1 . Storage 1 | 1 . . Processor . | . . . Hackware . | . . . Protection . | . . . Artifact . | . . . Weapon 5 | 2 . 3 Energy Gun 2 | 1 . 1 Energy Cannon . | . . . Ballistic Gun 1 | 1 . . Ballistic Cannon 1 | . . 1 Launcher 1 | . . 1 Special Weapon . | . . . Impact Weapon . | . . . Slashing Weapon . | . . . Piercing Weapon . | . . . Special Melee Weapon . | . . . Unidentified Prototypes . | . . . Parts Lost 9 | . 2 7 Power 2 | . 1 1 Propulsion 2 | . . 2 Utility 1 | . . 1 Weapon 4 | . 1 3 Highest Loss Streak 4 | . 2 4 To Critical Strikes . | . . . Average Backups 2 | 1 3 2 Power . | . . . Propulsion . | . . . Utility . | . . 1 Weapon 1 | . 1 1 Tool/Special . | . . . Unused Backups 3 | . . 3 Power . | . . . Propulsion . | . . . Utility 2 | . . 2 Weapon 1 | . . 1 Tool/Special . | . . . Average Slot Usage (%) 82 | . 82 81 Engine 9 | . 9 10 Core 2 | . 2 3 Treads 23 | . 28 13 Wheel 3 | . . 10 Device 5 | . 3 10 Storage 14 | . 14 14 Energy Gun 8 | . 9 4 Ballistic Gun 10 | . 14 3 Ballistic Cannon 2 | . . 9 Launcher 1 | . . 4 Peak Build Rating 10 | 6 8 10 Average Rating 6 | 4 6 7 On Entrance 4 | . 6 8 Naked Turns . | . . . Heaviest Build 18 | 11 12 18 Greatest Support 40 | 40 40 40 Greatest Overweight (x) 1 | . . 1 Average Overweight (x) . | . . . Largest Inventory Capacity 8 | 8 8 8 Average Capacity 7 | 6 8 8 Most Carried 4 | 3 4 4 Average Carried 2 | 1 3 2 Final Capacity 8 | 8 8 8 Final Carried 4 | 2 4 3 Class Distribution -------------------- 100% | Mutant Dominant Class ---------------- Mutant | -10/Materials Mutant | -10/Subcaves Resources | -11 -10 -10 ----------- Run | Yrd Mat Sub Matter Collected 378 | 153 125 100 Remotely . | . . . Salvage Created 363 | . 236 127 Parts 22 | . 13 9 Haulers Intercepted . | . . . Recyclers Shooed . | . . . Parts Field Recycled . | . . . Retrieved Matter . | . . . Parts Self-Destructed 11 | . . 11 Prevented . | . . . Kills | -11 -10 -10 ------- Run | Yrd Mat Sub Combat Hostiles Destroyed 14 | . 7 7 Guns 8 | . 7 1 Cannons 3 | . . 3 AOE 3 | . . 3 Classes Destroyed 5 | . 2 3 Turret 1 | . . 1 Swarmer 7 | . 3 4 Grunt 4 | . 4 . Sentry 1 | . . 1 Subdweller 2 | . . 2 Best Kill Streak 5 | . 5 4 Combat Bots Only 5 | . 5 3 Max Kills in Single Turn 1 | . 1 1 Gunslinging . | . . . Exploded 1 | . . 1 Melee . | . . . Uniques/NPCs Destroyed . | . . . Combat | -11 -10 -10 -------- Run | Yrd Mat Sub Hostile Shots Fired 109 | . 47 62 Missed 31 | . 8 23 Hits 78 | . 39 39 Projectile 78 | . 39 39 Critical Strikes 1 | . . 1 Damage Taken 1062 | . 428 634 Core 258 | . 94 164 Absorbed by Shields . | . . . Core Remaining (%) 100 | 100 . . Volleys Fired 57 | . 32 25 Largest 2 | . 2 2 Hottest 93 | . 70 93 Shots Fired 92 | . 59 33 Gun 70 | . 59 11 Cannon 14 | . . 14 Launcher 8 | . . 8 Special . | . . . Kinetic 52 | . 32 20 Thermal 32 | . 27 5 Explosive 8 | . . 8 Electromagnetic . | . . . Robot Hit Streak 7 | . 7 6 Robot Miss Streak 4 | . 4 4 Penetration Max . | . . . Secondary Targets 1 | . 1 . Max Gunslinging Chain 1 | . 1 . Shots Hit Robots 64 | . 40 24 Core Hits 24 | . 12 12 Critical Kills . | . . . Critical Parts Destroyed 1 | . 1 . Critical Strikes 4 | . 3 1 Burn 2 | . 2 . Destroy 1 | . 1 . Blast 1 | . . 1 Melee Attacks . | . . . Impact . | . . . Slashing . | . . . Piercing . | . . . Sneak Attacks . | . . . Combat Hostiles . | . . . Follow-up Attacks . | . . . Damage Inflicted 1052 | . 422 630 Guns 502 | . 422 80 Cannons 184 | . . 184 Explosions 366 | . . 366 Melee . | . . . Ramming . | . . . Kinetic 398 | . 174 224 Thermal 288 | . 248 40 Explosive 366 | . . 366 Electromagnetic . | . . . Impact . | . . . Slashing . | . . . Piercing . | . . . Highest Corruption . | . . . Average Corruption . | . . . Corruption Purged . | . . . Corruption Blocked . | . . . Overload Shots . | . . . Overflow Damage 24 | . . 24 Projectiles . | . . . Explosions 24 | . . 24 Melee . | . . . Knockbacks 1 | . . 1 Impact . | . . . Kinetic 1 | . . 1 Secondary . | . . . Self-Inflicted Damage 94 | . . 94 Shots 3 | . . 3 Rammed . | . . . Targets Rammed . | . . . Kicked . | . . . Crushed . | . . . Highest Temperature 282 | . 282 254 Average Temperature 108 | . 106 146 Received Heat Transfer 657 | . 189 468 Effects 2 | . 2 . Interference 2 | . 2 . Siege Activations . | . . . Martial Activations . | . . . Shielding Activations . | . . . Robots Disrupted . | . . . Combat Hostiles . | . . . Robots Corrupted . | . . . Combat Hostiles . | . . . Parts Fried . | . . . Impact Corruptions . | . . . Robots Melted . | . . . Combat Hostiles . | . . . Parts Melted 1 | . 1 . Heat Transferred 938 | . 888 50 Parts Sabotaged . | . . . Parts Stolen . | . . . Parts Stripped . | . . . Power Chain Reactions . | . . . Alert | -11 -10 -10 ------- Run | Yrd Mat Sub Maximum Alert Level . | . . . Low Security (%) 100 | 100 100 . Level 1 . | . . . Level 2 . | . . . Level 3 . | . . . Level 4 . | . . . Level 5 . | . . . High Security . | . . . Max Security . | . . . Peak Influence 110 | . 110 . Initial . | . . . Average 37 | . 44 . Influence Increases 355 | . 190 165 Destroy 0b10 Robot/C 260 | . 140 120 Destroy Leader 20 | . 20 . Lose Combat Pursuer 75 | . 30 45 Influence Decreases 270 | . 130 140 Entered New Map 29 | . . 29 Time Decay 160 | . 110 50 Lost Part 81 | . 20 61 Squads Dispatched . | . . . Investigation . | . . . Extermination . | . . . Reinforcement . | . . . Assault . | . . . Garrison . | . . . Intercept . | . . . Searches Triggered . | . . . Construction Impeded . | . . . Haulers Reinforced . | . . . Active Scanning Responses . | . . . Cargo Convoy Interrupts . | . . . Stealth | -11 -10 -10 --------- Run | Yrd Mat Sub Distress Signals . | . . . Communications Jammed . | . . . Distress Signals . | . . . Times Spotted 21 | . 11 10 Peak Tracking Total 6 | . 6 4 Tactical Retreats 3 | . 1 2 Traps | -11 -10 -10 ------- Run | Yrd Mat Sub Traps Triggered . | . . . Indirectly . | . . . Trap Hack Attempts . | . . . Triggered . | . . . Disarmed . | . . . Reprogrammed . | . . . Reused . | . . . Traps Extracted . | . . . Installed . | . . . Triggered . | . . . Machines | -11 -10 -10 ---------- Run | Yrd Mat Sub Machines Disabled . | . . . Max in Single Turn . | . . . Machines Repaired . | . . . Machines Dismantled . | . . . Machines Sabotaged . | . . . Overloaded Fab Kills . | . . . Hacking | -11 -10 -10 --------- Run | Yrd Mat Sub Machines Accessed 2 | . 2 . Terminals 1 | . 1 . Fabricators . | . . . Repair Stations . | . . . Recycling Units 1 | . 1 . Scanalyzers . | . . . Garrison Access . | . . . Total Hacks 7 | . 7 . Successful 2 | . 2 . Failed 5 | . 5 . Catastrophic . | . . . Database Lockouts . | . . . Manual 4 | . 4 . Terminals 4 | . 4 . Fabricators . | . . . Repair Stations . | . . . Recycling Units 3 | . 3 . Scanalyzers . | . . . Garrison Access . | . . . Terminal Hacks . | . . . Fabricator Hacks . | . . . Repair Station Hacks . | . . . Recycling Unit Hacks 1 | . 1 . Retrieve Components 1 | . 1 . Scanalyzer . | . . . Garrison Access Hacks . | . . . Unauthorized Hacks 1 | . 1 . Terminals 1 | . 1 . Operators 1 | . 1 . Fabricators . | . . . Repair Stations . | . . . Recycling Units . | . . . Scanalyzers . | . . . Garrison Access . | . . . Data Cores Recovered . | . . . Used . | . . . Hacking Detections 1 | . 1 . Full Trace Events . | . . . Feedback Events . | . . . Feedback Blocked . | . . . Robot Schematics Acquired . | . . . Robots Built . | . . . Authchips . | . . . Time . | . . . Total Robot Build Rating . | . . . Part Schematics Acquired . | . . . Parts Built . | . . . Authchips . | . . . Time . | . . . Total Part Build Rating . | . . . Parts Repaired . | . . . Time . | . . . Parts Recycled . | . . . Recycled Matter . | . . . Retrieved Matter . | . . . Retrieved Components 9 | . 9 . Parts Scanalyzed . | . . . Part Schematics Acquired . | . . . Parts Damaged . | . . . Bothacking | -11 -10 -10 ------------ Run | Yrd Mat Sub Used RIF Installer . | . . . Robots Hacked . | . . . Non-combat . | . . . Combat . | . . . Robot Hacks Applied . | . . . Relay Couplers Released . | . . . Fabnet Peak Effective % . | . . . Robots Rewired . | . . . Allies Hacked . | . . . Hacks Repelled . | . . . Allies | -11 -10 -10 -------- Run | Yrd Mat Sub Total Allies . | . . . Largest Group . | . . . Highest-Rated Group . | . . . Highest-Rated Ally . | . . . Total Orders . | . . . Ally Attacks . | . . . Total Damage . | . . . Kills . | . . . Allies Corrupted . | . . . Allies Melted . | . . . Intel | -11 -10 -10 ------- Run | Yrd Mat Sub Active Infowar (turns) . | . . . Robot Analysis Total . | . . . Derelict Logs Recovered . | . . . Drone Launches . | . . . Drone Recoveries . | . . . Exploration | -11 -10 -10 ------------- Run | Yrd Mat Sub Turns Passed 496 | 60 302 134 Spaces Moved 204 | 34 115 55 Core 7 | 7 . . Treads 158 | 27 115 16 Legs . | . . . Wheels 39 | . . 39 Hover . | . . . Flight . | . . . Fastest Speed 50 | 50 160 80 Average Speed 142 | 137 160 109 Slowest Speed 160 | 160 160 160 Overloaded Moves . | . . . Propulsion Burnouts . | . . . Robots Hopped . | . . . Potential Cave-ins . | . . . Cave-ins Triggered . | . . . Exploration Rate (%) 12 | 4 28 5 Regions Visited 2 Branch Regions 1 Pre-discovered Areas . | . . . Known Exits Taken . | . . . Unknown Exits Taken 2 | 1 1 . Scrap Searched . | . . . Spaces Dug . | . . . Terrain Destroyed 34 | . . 34 Melee . | . . . Projectile . | . . . AOE 34 | . . 34 Terrain Rammed . | . . . Walls Destroyed . | . . . Machines Disabled . | . . . Actions | -11 -10 -10 --------- Run | Yrd Mat Sub Total 323 | 47 180 96 Wait 28 | . 27 1 Move 202 | 33 114 55 Hop . | . . . Pick Up 18 | 8 4 6 Fast Attach . | . . . Attach 13 | 6 2 5 Detach . | . . . Swap 3 | . 1 2 Drop 2 | . . 2 Fire 57 | . 32 25 Melee . | . . . Ram . | . . . Kick . | . . . Crush . | . . . Escape Stasis . | . . . Rewire . | . . . Trap . | . . . Miscellaneous . | . . . Route ------- -11/Scrapyard -10/Materials -10/Subcaves (discovered 1 exit: [*Rec]) History --------- Turn | Location | Event 2 | -11/Scrapyard | Met Revision 17 7 | -11/Scrapyard | Discovered new exit (range 15) 61 | -11/Scrapyard | Entered Materials 308 | -10/Materials | Build established: Mutant 347 | -10/Materials | Discovered new exit (range 10) 363 | -10/Materials | Entered Subcaves 364 | -10/Subcaves | Approached by a straggling Scientist 382 | -10/Subcaves | Core integrity fell below 50% 423 | -10/Subcaves | Lost 3 parts (1p1n1w) 429 | -10/Subcaves | A swath of the cavern ceiling suddenly collapsed 464 | -10/Subcaves | Core integrity fell below 20% 488 | -10/Subcaves | Discovered new exit (range 15) 497 | -10/Subcaves | Destroyed by Autobeam Turret with Autobeam Last Messages --------------- Destroyed Flight Unit. S-10 Pest destroyed. Flight Unit fries itself beyond repair. Lgt. Assault Rifle fries itself beyond repair. Destroyed Flight Unit. Subatomizers dissect the Lgt. Ion Engine. S-10 Pest destroyed. Sub. Laser destroyed. S-10 Pest destroyed. Flight Unit fries itself beyond repair. Acquired 21 matter. Lgt. Assault Rifle fries itself beyond repair. Lgt. Ion Engine fries itself beyond repair. Subatomizers dissect the Lgt. Ion Engine. Autobeam Turret destroyed. Flight Unit fries itself beyond repair. Lgt. Assault Rifle fries itself beyond repair. EXIT=FOUND Acquired 13 matter. Map ----- +----------------------------------------------------+ | ?????????????????????????????????????????????????? | | ?????????????????????????????????????????????????? | | ?????????????????????????????????????????????????? | | ???????????????????????????????? ???????????????? | | ?????????????????????????????## # ??????????????? | | ????????????????????????????# " ??????????????? | | ????????????????????????????? " ??????????????? | | ?????????????????????????????? "# ##????????????? | | ??????????????????????????????? " ????????????? | | ???????????????????????????????? "# ??????##????? | | ?????????????????????????????????" # ###### #????? | | ????????????????????????????#???##"## #"# #????? | | ??????????????????????????##;???#""#"#"# #????? | | ??????????????????????????# ######"#%" #????? | | ??????????????????????????# ## ##"## & #???????? | | ??????????????????????????#%% % # #????????? | | ??????????????????????##### % &* #????????? | | ??????????????????##### ## ##????????? | | ??????????????????# ## ### ####???????? | | ??????????????????# #####?## = # ## #????? | | ?????????????????## ###"##?## #"#??? | | ????????????????## %"#### "" | | ????????????# ## # # ### "# ##? | | ???????????? % # # " # #??# ##???? | | ????????????# ### ## #???#""#???? | | ????????????? ???## %@#### ## #????"##???? | | ??????????????###??#" ?# ####"???"????? | | ???????????????????# % ## % """ ""???????? | | ???????????????????# % # & " """"???????? | | ???????????????????#" % t "# # " "" ???????? | | ???????????????????#" " " "# ## ""???????? | | ???????????????????#""""%""""## ####?# ""??????? | | ???????????????????#####<###### #?????# "??????? | | ???????????????????????##?????####?????? ""??????? | | ?????????????????????????????????????????"???????? | | ?????????????????????????????????????????????????? | | ?????????????????????????????????????????????????? | | ?????????????????????????????????????????????????? | | ?????????????????????????????????????????????????? | | ?????????????????????????????????????????????????? | | ?????????????????????????????????????????????????? | | ?????????????????????????????????????????????????? | | ?????????????????????????????????????????????????? | | ?????????????????????????????????????????????????? | | ?????????????????????????????????????????????????? | | ?????????????????????????????????????????????????? | | ?????????????????????????????????????????????????? | | ?????????????????????????????????????????????????? | | ?????????????????????????????????????????????????? | | ?????????????????????????????????????????????????? | +----------------------------------------------------+ Best States ------------- Heat Dissipation 35 Energy Generation 15 Energy Capacity 200 Matter Stores 287 Matter Capacity 300 Sight Range 16 Terrain Scan Density 10 Evasion (%) 44 Recoil Reduction 2 Item Schematics ----------------- None Robot Schematics ------------------ None Fabricated ------------ Nothing Repaired ---------- Nothing Alien Tech Used ----------------- None Achievements -------------- None Challenges ------------ None Game ------ Seed ThiefLatentClaws Manual? 0 Play Time 00:08:05 Cumulative 30.5 hours Start 2025.10.14 @ 01:08:55 End 2025.10.14 @ 01:14:41 Sessions 1 Manual Loads 0 Difficulty Rogue Special Mode None Game No. 77 Rogue 77 Adventurer 0 Explorer 0 Win Type - Total 0 Types 0/0/0/0/0/0/0/0/0/0 Lore% 23 Gallery% 30 Achievement% 28 Wizard Run 0 Options --------- Layout 2 ASCII 0 Keyboard 0 Movement Numpad Keybinds 0 Fullscreen 1 Font 24/Smallcaps Map View 50x44 Zoom Use 0% Tactical HUD 0 Map Filters NONE Filters NONE Steam 1 RUN: 7c66e613-8602-4dc8-b4fb-af5ebdfd3e0e